 Dungeon Crawl Stone Soup version 0.31.0-9-g3a7656b989 (webtiles) character file.

Game seed: 16547583479320532814

73 qw the Shooter (level 4, -1/22 HPs)
             Began as a Spriggan Hunter on Feb 2, 2024.
             Succumbed to their own poison gas
             ... on level 2 of the Dungeon.
             The game lasted 00:00:05 (1843 turns).

qw the Shooter (Spriggan Hunter)                    Turns: 1843, Time: 00:00:05

Health: -1/22      AC:  4    Str:  7    XL:     4   Next: 8%
Magic:  5/5        EV: 19    Int: 10    God:
Gold:   65         SH:  0    Dex: 20    Spells: 3/3 levels left

rFire   . . .        a - +0 shortbow
rCold   . . .        (shield currently unavailable)
rNeg    . . .        c - +0 robe
rPois   .            e - +2 hat
rElec   .            (no cloak)
rCorr   .            (gloves unavailable)
SInv    +            (boots unavailable)
Will    +....        (no amulet)
Stlth   ++           (no ring)
HPRegen 0.23/turn    (no ring)
MPRegen 0.09/turn

%: no passive effects
@: lethally poisoned (-1 -> -42), enlightened, flying, very quick
A: very small, no large weapons, unfitting armour, see invisible, speed 3
a: no special abilities


You were on level 2 of the Dungeon.
You visited 1 branch of the dungeon, and saw 2 of its levels.

You collected 65 gold pieces.


Innate Abilities, Weirdness & Mutations

You are very small and have problems with some larger weapons.
You are too small for most types of armour.
You have supernaturally acute eyesight. (SInv)
You cover ground extremely quickly. (Speed+++)


   Skills:
 - Level 1.5 Fighting
 - Level 5.0 Ranged Weapons
 + Level 4.2 Dodging
 - Level 1.5 Stealth


You had 3 spell levels left.
You didn't know any spells.
Your spell library was empty.

Inventory:

Hand Weapons
 a - a +0 shortbow (weapon)
Armour
 c - a +0 robe (worn)
 e - a +2 hat (worn)
Wands
 h - a wand of polymorph (14)
Potions
 g - a potion of enlightenment

Dungeon Overview and Level Annotations

Branches:
Dungeon (2/15)

Altars:

Shops:
D:1 (


Message History

You drop a scarf of invisibility.
Done exploring.
1739 ||| READING scroll labelled DATU TUNWE.
As you read the scroll labelled DATU TUNWE, it crumbles to dust.
A wave of despondency washes over your surroundings.
It was a scroll of vulnerability.
You start waiting.
You feel your willpower return.
Done waiting.
Done exploring.
1840 ||| READING scroll labelled JYSOUFE ENUO.
The air fills with toxic fumes!
As you read the scroll labelled JYSOUFE ENUO, it crumbles to dust.
It was a scroll of poison.
Done exploring.
1841 ||| DRINKING 2 orange potions.
It was a potion of enlightenment.
You feel very buoyant.
You fly up into the air.
Done exploring.
What level of the Dungeon? (default 2, ? - help) Sorry, I don't know how to get there.
Enter note:
Enter note:
Enter note:
Enter note:
Enter note:
Enter note:
Enter note:
Enter note:
Enter note:
Enter note:
Enter note:
Enter note: You are engulfed in poison gas.
You are poisoned.
You feel very sick.
1843 ||| Stepping ~*~*~tactically~*~*~ (cloud).
You reach down and open the door.
You are engulfed in poison gas.
You are more poisoned.
You die...

.#...##.##.# ##...##.##..##..##.#
.##.###.##.###...¤##.##..##..##.#
........##.##....¤##.##..##).##.#
###.######.......¤¤......##.....#
#....# ######.#¤#####.####.####
#.#..# #.#¤# #.###..<## #.#..#
#.#¤#####¤##.###.## #.#..#
##'#[¤¤¤¤¤¤.).# #.#. #.#..#
##¤¤@####......###.#. #.##.##
##¤¤¤¤.###..###....##. #.##.)##
##¤¤¤¤¤..##..##..#####.
#.##...####¤¤¤¤¤¤...#..#...#####.
#.........+¤¤¤¤¤¤...'............
####...####¤¤¤¤¤¤...#..#...#####.
##.#..## ##¤¤¤¤¤..##..##..# #.
#....## ##.....###..###.# ##
##.### ##...## #......# #


There were no monsters in sight!

Vanquished Creatures
  2 adders (D:2)
  2 dart slugs
  4 ball pythons (D:1)
  3 bats
  4 endoplasms
  A giant cockroach (D:2)
  9 goblins
  7 hobgoblins
  2 kobolds
  A quokka (D:1)
  5 frilled lizards
  6 rats
46 creatures vanquished.

Notes
Turn   | Place    | Note
-------+----------+-------------------------------------------
     0 | D:1      | qw the Spriggan Hunter began the quest for the Orb.
     0 | D:1      | Reached XP level 1. HP: 10/10 MP: 2/2
     0 | D:1      | 0 ||| qw: Version: 0.3-a-155-g5e7d8dd
     0 | D:1      | 0 ||| qw: Game counter: 1150
     0 | D:1      | 0 ||| qw: Melee chars always use a shield: true
     0 | D:1      | 0 ||| qw: God list: Okawaru
     0 | D:1      | 0 ||| qw: Allow faded altars: false
     0 | D:1      | 0 ||| qw: Do Orc after clearing Dungeon:15 true
     0 | D:1      | 0 ||| qw: Do second Lair branch before Depths: true
     0 | D:1      | 0 ||| qw: Lair rune preference: random
     0 | D:1      | 0 ||| qw: Goals: Normal
     0 | D:1      | 0 ||| PLANNING D:1-11
    39 | D:1      | Found Hidalat's Antique Weapon Emporium.
    43 | D:1      | Reached skill level 3 in Dodging
   128 | D:1      | Reached XP level 2. HP: 14/14 MP: 3/3
   231 | D:1      | Found a faded altar of an unknown god.
   426 | D:1      | Reached XP level 3. HP: 18/18 MP: 4/4
   848 | D:1      | 848 ||| UPGRADING to +2 hat.
   853 | D:1      | 853 ||| READING scroll labelled UXZUSK EFECLUTZ.
   854 | D:1      | 854 ||| DROPPING scroll of butterflies.
  1237 | D:2      | Reached skill level 5 in Ranged Weapons
  1373 | D:2      | Reached XP level 4. HP: 22/22 MP: 5/5
  1641 | D:2      | Identified the +2 leather armour "Nunant" {Harm Str+3
                  | Dex-2}
  1738 | D:2      | 1738 ||| DROPPING scarf of invisibility.
  1739 | D:2      | 1739 ||| READING scroll labelled DATU TUNWE.
  1840 | D:2      | 1840 ||| READING scroll labelled JYSOUFE ENUO.
  1841 | D:2      | 1841 ||| DRINKING 2 orange potions.
  1843 | D:2      | 1843 ||| Stepping ~*~*~tactically~*~*~ (cloud).
  1843 | D:2      | Succumbed to their own poison gas

Levels and vault maps discovered:
D:1:      ncdulo_watergridlock, layout_loops_corners, serial_shops,
          nicolae_square_shop, hellmonk_ecumenical_altar_crossroads
D:2:      layout_loops_corners, grunt_ministairs_10

Skill      XL: |  1  2  3 |
---------------+----------+-----
Dodging        | 3 4 |  4.2
Ranged Weapons | 5 |  5.0
Fighting       | |  1.5
Stealth        | |  1.5

Action                     |  1- 3 |  4- 6 || total
---------------------------+-------+-------++-------
   Fire: Shortbow          |   111 |    11 ||   122
    Use: Scroll            |     1 |     2 ||     3
         Potion            |       |     1 ||     1
 Armour: Robe              |     6 |     2 ||     8
  Dodge: Dodged            |    17 |     3 ||    20

Table legend:
 A = Non-vault XP
 B = Vault XP
 C = Vault XP percentage of total XP
 D = Non-vault monster count
 E = Vault monster count
 F = Vault count percentage of total count
                 A         B        C        D         E       F
            +---------+---------+-------+---------+---------+-------
      Total |     102 |       3 |   2.9 |      44 |       2 |   4.3
            +---------+---------+-------+---------+---------+-------
        D:1 |      51 |       0 |   0.0 |      28 |       0 |   0.0
        D:2 |      51 |       3 |   5.6 |      16 |       2 |  11.1
            +---------+---------+-------+---------+---------+-------
